Map: Ley Lines

Players

herO - Winner!

  • Race: Protoss Protoss
  • League: Grandmaster
  • Spawn Location: 1:00

LiquidCure (Cure)

  • Race: Terran Terran
  • Spawn Location: 7:00

VOD

Have the link to the VOD?

Description

Time

  • Played on: June 2, 2025, 9:40 a.m.
  • Length: 13:38
Show
View Real Time Build Order
Export as new Build Order

herO Protoss - Winner!

Build Orders: 1 Gate Expand, Phoenix Opening 

Get SALT Encoding   

  12  0:00  Probe  
  13  0:12  Probe  
  14  0:16  Pylon  
  14  0:24  Probe  
  15  0:33  Probe  
  15  0:35  Gateway  
  15  0:42  Probe, Assimilator  
  17  0:51  Probe  
  18  1:03  Probe  
  19  1:15  Probe  
  20  1:21  Cybernetics Core  
  20  1:34  Nexus  
  20  1:41  Pylon  
  20  1:43  Probe  
  21  1:48  Assimilator  
  21  1:49  Adept  
  21  1:55  Probe  
  21  2:01  Warp Gate  
  24  2:07  Probe  
  25  2:14  Shield Battery  
  25  2:17  Sentry  
  25  2:19  Probe  
  28  2:28  Stalker  
  28  2:31  Probe  
  31  2:45  Probe  
  32  2:51  Probe  
  32  2:57  Probe  
  34  3:00  Stalker, Probe  
  37  3:09  Probe  
  37  3:10  Probe  
  39  3:16  Stargate  
  39  3:22  Probe x2  
  41  3:28  Pylon  
  41  3:37  Probe x2  
  43  3:42  Gateway  
  43  3:48  Pylon  
  43  3:49  Probe x2  
  43  3:50  Phoenix  
  43  3:55  Twilight Council  
  45  4:02  Stalker  
  49  4:05  Probe x2  
  49  4:09  Phoenix  
  53  4:26  Nexus  
  53  4:29  Phoenix  
  53  4:38  Probe x2  
  56  4:39  Charge  
  56  4:42  Assimilator  
  56  4:50  Probe x2  
  56  4:51  Pylon  
  58  5:03  Gateway  
  58  5:04  Phoenix  
  58  5:05  Gateway, Probe x2  
  60  5:09  Phoenix  
  60  5:12  Zealot x2  
  66  5:16  Assimilator  
  66  5:20  Pylon  
  66  5:22  Probe x2, Phoenix  
  68  5:32  Pylon  
  70  5:38  Probe x2  
  72  5:43  Zealot x2  
  72  5:47  Templar Archives  
  76  5:55  Phoenix  
  76  6:09  Zealot x4  
  76  6:10  Probe x2  
  84  6:12  Probe  
  85  6:18  Gateway  
  85  6:19  Gateway  
  85  6:25  Probe x3  
  87  6:28  Psionic Storm  
  90  6:42  Probe x3  
  90  6:44  High Templar x2  
  90  6:46  Assimilator  
  97  6:47  Forge  
  97  6:52  Shield Battery  
  96  6:54  Probe x3  
  96  6:55  High Templar  
  96  7:00  Pylon  
  100  7:01  Pylon  
  100  7:04  Gateway  
  100  7:05  Pylon  
  100  7:11  Gateway  
  100  7:12  Gateway  
  100  7:15  Shield Battery  
  100  7:17  Probe  
  100  7:18  Probe x2  
  100  7:19  Protoss Ground Weapons Level 1  
  100  7:22  High Templar  
  105  7:23  High Templar  
  105  7:25  Pylon  
  107  7:39  Zealot x4  
  101  7:52  Phoenix  
  101  7:58  Zealot x2  
  86  8:05  Stalker x4  
  90  8:14  Nexus  
  90  8:16  Pylon  
  90  8:17  Probe  
  90  8:19  Robotics Facility, Probe x2  
  93  8:25  High Templar x2  
  93  8:39  Zealot x7  
  107  8:42  Shield Battery  
  107  8:46  Photon Cannon  
  107  8:50  Probe x3  
  110  9:01  Observer  
  110  9:07  Robotics Facility  
  111  9:11  Robotics Bay  
  111  9:12  High Templar  
  111  9:13  Photon Cannon  
  111  9:15  Immortal  
  111  9:17  Photon Cannon, Protoss Ground Weapons Level 2, Pylon  
  113  9:21  High Templar, Zealot x3  
  125  9:29  Probe x3  
  128  9:37  Photon Cannon  
  128  9:45  Colossus  
  128  9:47  Probe x4  
  128  9:48  Blink  
  128  9:50  Assimilator  
  128  9:51  Zealot  
  128  9:52  Zealot x3  
  140  9:53  Colossus  
  144  10:15  Archon  
  144  10:16  Zealot x2  
  144  10:17  Zealot x4  
  144  10:19  Zealot  
  150  10:25  Colossus  
  124  10:33  Zealot x2  
  124  10:34  Extended Thermal Lance  
  122  10:50  Archon  
  122  10:53  Zealot x9  
  122  10:54  Colossus  
  132  10:59  Archon x2  
  136  11:12  Disruptor  
  136  11:14  Probe x3  
  136  11:15  Probe  
  140  11:21  Forge  
  140  11:25  High Templar x2  
  146  11:31  High Templar, Nexus  
  146  11:32  Pylon, Zealot x3  
  152  11:33  Pylon  
  156  11:43  Immortal  
  156  11:45  Pylon, Immortal  
  156  11:50  Probe x4  
  156  11:51  Pylon  
  156  11:52  Photon Cannon  
  156  11:53  Shield Battery  
  168  12:04  Pylon  
  168  12:07  Pylon  
  168  12:12  Stalker  
  168  12:13  Stalker x2  
  172  12:17  Sentry  
  172  12:21  Assimilator  
  172  12:22  Sentry, Photon Cannon  
  176  12:26  Zealot x2  
  176  12:27  Photon Cannon  
  178  12:40  Stalker x5  
  186  12:50  Disruptor  
  146  13:17  Archon  
  136  13:28  Stalker x7  
  136  13:29  Zealot x2  
Show
View Real Time Build Order
Export as new Build Order

LiquidCure Terran 

Build Orders: Reaper Expand 

Get SALT Encoding   

  12  0:00  SCV  
  13  0:12  SCV  
  14  0:17  Supply Depot  
  14  0:24  SCV  
  15  0:38  SCV  
  15  0:40  Barracks  
  16  0:43  Refinery  
  16  0:50  SCV  
  17  1:02  SCV  
  18  1:14  SCV  
  19  1:27  Reaper, Orbital Command  
  20  1:39  Command Center  
  20  1:51  Supply Depot  
  20  1:53  SCV  
  21  1:59  Marine  
  22  2:05  SCV  
  22  2:08  Factory  
  23  2:17  SCV  
  23  2:18  Bunker  
  23  2:21  Barracks Reactor  
  24  2:27  Refinery  
  24  2:29  SCV  
  25  2:41  SCV  
  26  2:52  Orbital Command  
  26  2:53  SCV  
  26  2:54  Hellion  
  26  2:57  Starport  
  29  3:02  Marine x2  
  31  3:06  SCV  
  32  3:15  Widow Mine  
  32  3:18  SCV  
  35  3:20  Marine x2  
  35  3:23  SCV  
  38  3:30  Supply Depot, SCV  
  39  3:36  Medivac  
  39  3:37  Widow Mine  
  39  3:40  SCV  
  44  3:42  SCV  
  44  3:45  Marine  
  46  3:51  Marine  
  46  3:53  Supply Depot, SCV  
  46  3:54  SCV  
  49  3:59  Factory Tech Lab  
  49  4:03  Barracks, Marine  
  49  4:05  SCV  
  49  4:06  SCV  
  49  4:08  Starport Tech Lab  
  49  4:09  Marine  
  53  4:12  Supply Depot  
  51  4:18  Cyclone  
  51  4:21  SCV x2  
  56  4:26  Marine  
  56  4:27  Marine  
  60  4:31  Raven  
  60  4:33  SCV  
  60  4:34  SCV  
  60  4:35  Barracks  
  62  4:40  Engineering Bay  
  62  4:42  Refinery  
  62  4:44  Marine  
  62  4:45  Marine  
  64  4:48  SCV  
  64  4:49  SCV  
  66  4:56  Supply Depot  
  66  4:58  Factory Reactor  
  66  5:00  Supply Depot  
  66  5:01  SCV x2  
  66  5:06  Terran Infantry Weapons Level 1  
  68  5:07  Stimpack, Marine  
  68  5:08  Refinery  
  68  5:10  Marine  
  70  5:17  Marine, Missile Turret  
  70  5:18  SCV x2  
  73  5:22  Starport Reactor  
  73  5:25  Supply Depot, Marine  
  73  5:27  Marine  
  75  5:30  SCV x2, Combat Shield  
  75  5:35  Marine  
  78  5:40  Supply Depot  
  78  5:43  Marauder x2  
  78  5:45  Marine  
  78  5:47  Widow Mine x2  
  87  5:53  SCV, Marine  
  87  5:54  SCV  
  87  5:56  Supply Depot  
  89  6:03  Medivac x2  
  93  6:08  Marine  
  93  6:09  Marauder x2  
  93  6:11  Marine  
  96  6:12  Widow Mine x2  
  96  6:16  Missile Turret  
  96  6:17  Supply Depot  
  101  6:30  Marine  
  101  6:31  Marauder x2, Marine  
  107  6:34  Widow Mine  
  107  6:36  Medivac  
  107  6:38  Medivac  
  107  6:39  Widow Mine  
  103  6:48  Concussive Shells  
  103  6:49  Command Center  
  103  6:51  Marine x2  
  105  6:55  Marauder  
  105  6:57  Marauder  
  109  7:02  Terran Infantry Armor Level 1  
  109  7:05  Supply Depot  
  109  7:06  Supply Depot  
  109  7:11  Marine x2  
  111  7:16  Marauder  
  111  7:19  Marauder  
  115  7:23  Barracks  
  115  7:24  SCV x2  
  115  7:26  Barracks  
  115  7:27  Widow Mine x2  
  121  7:31  Marine x2  
  121  7:33  Supply Depot  
  123  7:38  Medivac x2  
  127  7:49  Marauder x2, Marine  
  127  7:50  Marine  
  131  7:53  SCV x2  
  118  7:59  Widow Mine x2  
  118  8:04  Ghost Academy  
  118  8:05  SCV x2  
  116  8:13  Marauder, Marine  
  116  8:14  Marauder  
  116  8:15  Marine  
  116  8:17  SCV x2  
  124  8:20  Widow Mine x2  
  127  8:33  Marine x2  
  127  8:34  Barracks Tech Lab  
  124  8:35  Barracks Reactor  
  124  8:36  Ghost x2  
  130  8:41  Orbital Command  
  130  8:42  Widow Mine x2  
  130  8:43  SCV x2  
  135  8:55  SCV  
  135  8:56  SCV  
  135  9:02  Ghost  
  136  9:05  Ghost x2  
  136  9:07  Marine  
  136  9:08  SCV x2, Marine  
  149  9:13  Bunker  
  149  9:16  Refinery  
  149  9:17  Refinery  
  149  9:24  Marine x2  
  149  9:25  Marine  
  149  9:26  Supply Depot  
  149  9:28  Supply Depot  
  149  9:30  Armory  
  149  9:31  Ghost  
  152  9:32  Engineering Bay  
  155  9:39  Viking  
  157  9:47  Ghost x2, Marine x2  
  157  9:49  Viking, Marine x2  
  169  9:57  Supply Depot  
  169  9:58  Supply Depot x2  
  169  10:00  Marauder  
  169  10:03  Widow Mine  
  173  10:10  Marine  
  173  10:14  Marine x3  
  173  10:15  Widow Mine  
  173  10:16  Marauder x2  
  157  10:21  SCV x3, Marine  
  139  10:28  Marine  
  139  10:31  Marine  
  139  10:32  Marine x2  
  139  10:34  SCV  
  126  10:37  Ghost x2  
  126  10:39  Ghost  
  126  10:42  Widow Mine x2  
  120  10:51  Marine x2  
  120  10:52  Marine x2  
  121  10:58  Viking x2  
  123  11:06  Terran Infantry Weapons Level 2, Marauder x2  
  123  11:07  Terran Infantry Armor Level 2  
  127  11:23  Marauder, Marine x4  
  127  11:24  Starport  
  127  11:25  SCV x2  
  130  11:26  SCV  
  130  11:28  Marauder  
  130  11:30  Viking  
  136  11:33  Viking  
  138  11:46  Ghost, Marine x2  
  143  11:48  Marauder, Marine x3  
  148  11:56  Barracks  
  148  11:57  Barracks  
  148  12:03  Viking x2  
  148  12:06  Viking x2  
  156  12:09  Marine  
  156  12:10  Marauder, Marine  
  160  12:19  Barracks  
  160  12:31  Orbital Command  
  160  12:33  Viking x2  
  160  12:36  Medivac  
  163  12:40  Medivac  
  165  12:44  SCV x2  
  165  12:47  Command Center  
  157  13:01  Ghost, Marine x4  
  157  13:02  Marauder x2  
  157  13:03  Medivac  
  130  13:15  Marine x3  
  130  13:19  Marine  
Tags
 
Add a new tag
Caveats
  • Supply blocks, unpowered buildings, or Contaminate may cause inaccurate times.
  • Supply counts are checked every 10 seconds.